 Dungeon Crawl Stone Soup version 0.32-a0-450-g080537f31e (webtiles) character file.

Game seed: 10646764004531359948

196 Aneyh the Trooper (level 5, 0/35 HPs)
             Began as a Tengu Monk on Feb 23, 2024.
             Incinerated by a bombardier beetle (4 damage)
             ... with a burning spray
             ... on level 5 of the Dungeon.
             The game lasted 00:03:08 (2010 turns).

Aneyh the Trooper (Tengu Monk)                      Turns: 2010, Time: 00:03:09

Health: 0/35       AC:  4    Str: 19    XL:     5   Next: 75%
Magic:  6/6        EV: 29    Int: 10    God:
Gold:   226        SH:  0    Dex: 17    Spells: 4/4 levels left

rFire   . . .        a - +0 falchion
rCold   . . .        (no shield)
rNeg    . . .        h - +0 leather armour
rPois   .            (helmet restricted)
rElec   .            (no cloak)
rCorr   .            i - +0 pair of gloves
SInv    .            (boots unavailable)
Will    .....        (no amulet)
Stlth   +            e - +6 ring of strength
HPRegen 0.25/turn    (no ring)
MPRegen 0.10/turn

%: acrobat
@: confused, on fire, ambrosia-drunk, acrobatic, glowing
A: beak, talons 3, acrobatic
a: no special abilities


You were on level 5 of the Dungeon.
You visited 1 branch of the dungeon, and saw 5 of its levels.

You collected 226 gold pieces.

Inventory:

Hand Weapons
 a - a +0 falchion (weapon)
 b - a +0 sling
 s - a +0 war axe
Armour
 d - an orb of light
 h - a +0 leather armour (worn)
 i - a +0 pair of gloves (worn)
 j - a +0 robe
Jewellery
 e - a +6 ring of strength (left hand)
 o - a +4 ring of protection
 r - a +4 ring of protection
Scrolls
 g - a scroll of teleportation
 m - 3 scrolls of noise
 p - a scroll of silence {unknown}
 t - a scroll of brand weapon {unknown}
 u - a scroll of acquirement {unknown}
Potions
 f - a potion of berserk rage {unknown}
 k - 2 potions of magic {unknown}
 l - 2 potions of curing {unknown}
 n - a potion of degeneration {unknown}
 q - a potion of enlightenment {unknown}
 v - a potion of heal wounds {unknown}


   Skills:
 + Level 5.2 Fighting
 - Level 3.2 Long Blades
 - Level 5.0 Dodging


You had 4 spell levels left.
You didn't know any spells.
Your spell library contained the following spells:

 Spells                   Type           Power      Damage    Failure   Level
 Mercury Vapours          Alch/Air       0%         N/A       56%         2
 Mephitic Cloud           Conj/Alch/Air  0%         N/A       80%         3
 Freezing Cloud           Conj/Ice/Air   0%         6-21      100%        5


Dungeon Overview and Level Annotations

Branches:
Dungeon (5/15)
 Temple: D:4-7

Altars:
Elyvilon

Annotations:
D:3 2 transporters, TheLasagnaBaron's ghost, amateur MfMo


Innate Abilities, Weirdness & Mutations

You have a beak for a mouth.
You have claws for feet.
You can magically evade attacks while moving or waiting.


Message History

You hit the bombardier beetle. Your kick misses the bombardier beetle.
You peck the bombardier beetle, but do no damage.
The bombardier beetle is moderately wounded.
The liquid fire burns you!
You hit the bombardier beetle. You claw the bombardier beetle.
The bombardier beetle is almost dead.
The liquid fire burns you!
The bombardier beetle sprays incendiary fluid at you.
The burning spray hits you.
You are even more covered in liquid fire!
You hit the bombardier beetle but do no damage.
Your peck misses the bombardier beetle.
The bombardier beetle is almost dead.
The liquid fire burns you!
You hit the bombardier beetle.
You kill the bombardier beetle!
The liquid fire burns you!
Your Fighting skill increases to level 5!
You are on fire!
No target in view!
You are on fire!
No target in view!
You are on fire!
No target in view!
Unknown command.
You are on fire!
You shake off some of the fire as you move.
The liquid fire burns you!
You shake off some of the fire as you move.
The liquid fire burns you!
You shake off some of the fire as you move.
The liquid fire burns you!
* * * LOW HITPOINT WARNING * * *
You shake off some of the fire as you move.
The liquid fire burns you!
* * * LOW HITPOINT WARNING * * *
You are confused.
You feel invigorated. The liquid fire burns you!
You die...

#.#
##.##############
###...............#
...<.......[.####.#
#....######.## #.#
.............# #.#
#.#..######..# #.#
#.#..#.......####.#
#.#........†....@.#
# ##.#.####.#######
#.#. ...# .# #####


There were no monsters in sight!

Vanquished Creatures
  2 hounds
  A bombardier beetle (D:5)
  3 adders
  A white imp (D:5)
  A dart slug (D:4)
  6 orcs
  5 ball pythons
  5 bats
  7 endoplasms
  4 giant cockroaches
  6 goblins
  3 hobgoblins
  4 jackals (D:1)
  2 quokkas (D:1)
  7 frilled lizards
  2 kobolds
  4 rats
63 creatures vanquished.

Notes
Turn   | Place    | Note
-------+----------+-------------------------------------------
     0 | D:1      | Aneyh the Tengu Monk began the quest for the Orb.
     0 | D:1      | Reached XP level 1. HP: 14/14 MP: 2/2
    71 | D:1      | Reached XP level 2. HP: 19/19 MP: 3/3
   217 | D:1      | You fall into a shaft and drop 1 floor!
   243 | D:2      | Reached XP level 3. HP: 23/23 MP: 4/4
   517 | D:1      | Reached skill level 5 in Dodging
   746 | D:3      | Found a transporter.
   746 | D:3      | Noticed TheLasagnaBaron's ghost (amateur MfMo)
   751 | D:3      | Found a transporter.
   851 | D:3      | Reached XP level 4. HP: 19/29 MP: 5/5
  1164 | D:3      | Found a white marble altar of Elyvilon.
  1533 | D:4      | Reached XP level 5. HP: 32/33 MP: 6/6
  1971 | D:5      | Entered Level 5 of the Dungeon
  2006 | D:5      | Reached skill level 5 in Fighting
  2010 | D:5      | Incinerated by a bombardier beetle

Illustrated notes

Levels and vault maps discovered:
D:1:      erik_arrival_orb_chamber, layout_rooms, minmay_pentomino_p2
D:2:      layout_loops_corners, minmay_distorted, uniq_crazy_yiuf_cottage
D:3:      layout_loops_ring, mainiacjoe_overflow_alcove_1, gammafunk_ghost_arena
D:4:      layout_cave_pools, st_stairs_8
D:5:      layout_basic, cheibriados_altar_1,
          mainiacjoe_overflow_surrounded_room, uniq_grinder,
          uniq_prince_ribbit1, uniq_ijyb

Skill      XL: |  1  2  3  4  5 |
---------------+----------------+-----
Dodging        | 4 5 |  5.0
Fighting       | 4 5 |  5.2
Long Blades    | |  3.2

Action                     |  1- 3 |  4- 6 || total
---------------------------+-------+-------++-------
  Melee: Falchion          |    74 |    68 ||   142
         Peck              |    10 |     8 ||    18
         Kick              |    13 |    16 ||    29
   Fire: Sling             |     1 |       ||     1
    Use: Scroll            |     2 |       ||     2
         Potion            |       |     1 ||     1
   Stab: Sleeping          |     1 |     2 ||     3
 Armour: Robe              |    16 |       ||    16
         Leather armour    |    19 |    26 ||    45
  Dodge: Dodged            |    71 |    54 ||   125

Table legend: (Time is in decaauts)
 A = Elapsed time spent in this place.
 B = Non-inter-level travel time spent in this place.
 C = Inter-level travel time spent in this place.
 D = Time resting spent in this place.
 E = Time spent auto-exploring this place.
 F = Levels seen in this place.
 G = Mean time per level.
                   A        B        C        D        E       F      G
               +--------+--------+--------+--------+--------+-----+--------+
         Total |   2030 |   1945 |     85 |     29 |   1459 |   5 |  406.0 |
       Dungeon |   2030 |   1945 |     85 |     29 |   1459 |   5 |  406.0 |
               +--------+--------+--------+--------+--------+-----+--------+

Top non-repeatable levels by time:
     D:3: 752 daAuts
     D:1: 549 daAuts
     D:4: 511 daAuts
     D:2: 178 daAuts
     D:5: 39 daAuts
